 Dungeon Crawl Stone Soup version 0.28.0-45-g0d030f2227 (webtiles) character file.

Game seed: 17506438996211497323

924 RascalDebosk the Cudgeller (level 7, 0/70 HPs)
             Began as a Troll Berserker on Apr 24, 2022.
             Was a Believer of Trog.
             Killed from afar by an orc wizard (6 damage)
             ... with a puff of flame
             ... on level 6 of the Dungeon.
             The game lasted 00:24:43 (4070 turns).

RascalDebosk the Cudgeller (Troll Berserker)        Turns: 4070, Time: 00:24:43

Health: 0/70       AC:  7    Str: 26    XL:     7   Next: 84%
Magic:  6/6        EV: 10    Int:  5    God:    Trog [**....]
Gold:   100        SH:  0    Dex:  9    Spells: 6/6 levels left

rFire   . . .      SeeInvis .   q - +1 flail (flame)
rCold   . . .      Faith    .   (no shield)
rNeg    . . .      Spirit   .   s - +1 robe
rPois   .          Reflect  .   p - +2 hat
rElec   .          Harm     .   (no cloak)
rCorr   .          Rampage  .   (gloves unavailable)
Will    ++...                   (boots unavailable)
Stlth   +.........              (no amulet)
HPRegen 2.01/turn               (no ring)
MPRegen 0.10/turn               (no ring)

@: strong-willed, on berserk cooldown, regenerating, slowed, very slow
A: large, unfitting armour, claws 3, regeneration 1, shaggy fur 1, tough skin 1
a: Renounce Religion, Berserk, Trog's Hand


You were on level 6 of the Dungeon.
You worshipped Trog.
Trog was pleased with you.
You visited 1 branch of the dungeon, and saw 6 of its levels.
You also visited: Sewer.

You collected 249 gold pieces.
You spent 149 gold pieces at shops.

Inventory:

Hand Weapons
 a - a +0 mace
 q - a +1 flail of flaming (weapon)
Missiles
 e - 6 poisoned darts (quivered)
 g - 2 boomerangs
Armour
 p - a +2 hat (worn)
 s - a +1 robe (worn)
Wands
 d - a wand of digging (6)
 h - a wand of paralysis (8)
Scrolls
 c - a scroll of vulnerability {unknown}
 f - 2 scrolls of fear
 k - 2 scrolls of summoning
 r - a scroll of enchant weapon
 t - a scroll of teleportation
 u - a scroll of noise
 v - a scroll of enchant armour
Potions
 b - 2 potions of degeneration {unknown}
 i - a potion of cancellation
 j - 4 potions of curing
 l - a potion of heal wounds
 m - a potion of mutation
 n - a potion of haste
 o - a potion of berserk rage {unknown}


   Skills:
 + Level 4.0 Fighting
 + Level 4.5 Maces & Flails
 + Level 3.4 Throwing
 + Level 4.1 Dodging
 + Level 2.8 Evocations


You had 6 spell levels left.
You didn't know any spells.
Your spell library was empty.

Dungeon Overview and Level Annotations

Branches:
Dungeon (6/15)              Sewer (visited)
 Temple: D:4-7

Altars:
Dithmenos
Hepliaklqana
Nemelex Xobeh
Okawaru

Shops:
D:5 ?


Innate Abilities, Weirdness & Mutations

You are too large for most types of armour.
You have claws for hands.
Your natural rate of healing is unusually fast.
You are covered in fur. (AC +1)
You have tough skin. (AC +1)


Message History

Something hits you.
* * * LOW HITPOINT WARNING * * *
You completely miss something. Something hits you but does no damage.
The orc barely misses you. Something hits you.
* * * LOW HITPOINT WARNING * * *
Something hits you but does no damage.
Unknown command.
You miss something.
You hear some strange, mumbled words.
A magic dart appears from out of thin air!
The magic dart hits you.
* * * LOW HITPOINT WARNING * * *
The orc hits you but does no damage. Something hits you but does no damage.
Something hits you.
* * * LOW HITPOINT WARNING * * *
The orc hits you with a +0 short sword.
* * * LOW HITPOINT WARNING * * *
Something hits you but does no damage.
Your skin crawls.
You feel strong-willed. Something hits you.
* * * LOW HITPOINT WARNING * * *
The orc barely misses you. Something hits you but does no damage.
You closely miss something. Something hits you but does no damage.
The orc misses you. Something hits you but does no damage.
You hear some strange, mumbled words.
A magic dart appears from out of thin air!
The magic dart hits you.
* * * LOW HITPOINT WARNING * * *
The orc hits you with a +0 short sword.
* * * LOW HITPOINT WARNING * * *
Something hits you.
* * * LOW HITPOINT WARNING * * *
Something shocks you.
* * * LOW HITPOINT WARNING * * *
You closely miss something.
You hear some strange, mumbled words.
A puff of flame appears from out of thin air!
The puff of flame hits you.
You die...

#.. .. #... #.
#... #.. .... ..
#..##.# #..#..
#..o{## #
#...@{###.#..
#.##....(....
#####)##.#.##.#..
#...............
#..........#..#.
#..........##...
#..........# ....
#.............#.#
#.............#..
##


You could see an orc.

Vanquished Creatures
  An ice beast (D:5)
  An ogre (D:6)
  2 phantoms (D:5)
  2 scorpions
  A hound (D:6)
  2 jellies
  2 orc priests (D:4)
  2 orc wizards
  2 iguanas
  A hell rat (Sewer)
  A hound zombie (D:5)
  Robin (D:3)
  2 gnolls (D:1)
  5 adders
  A river rat (Sewer)
  A worm (D:4)
  A dart slug (D:2)
  13 orcs
  9 ball pythons
  2 endoplasms
  2 giant cockroaches
  14 goblins
  8 hobgoblins
  6 kobolds
  3 quokkas
  6 bats
  7 frilled lizards (D:2)
  10 rats
108 creatures vanquished.

Notes
Turn   | Place    | Note
-------+----------+-------------------------------------------
     0 | D:1      | RascalDebosk the Troll Berserker began the quest for the
                  | Orb.
     0 | D:1      | Reached XP level 1. HP: 22/22 MP: 0/0
   129 | D:1      | Reached XP level 2. HP: 18/29 MP: 1/1
   615 | D:1      | Reached skill level 1 in Throwing
   615 | D:1      | Reached XP level 3. HP: 35/36 MP: 2/2
   833 | D:2      | Found a faded altar of an unknown god.
   902 | D:2      | Reached ** piety under Trog
   996 | D:2      | Reached skill level 1 in Evocations
  1057 | D:2      | Reached XP level 4. HP: 23/44 MP: 3/3
  1558 | D:3      | Found a glowing drain.
  1604 | Sewer    | Entered a sewer
  1804 | D:3      | Noticed Robin
  1815 | D:3      | Killed Robin
  1816 | D:3      | Reached XP level 5. HP: 53/53 MP: 4/4
  2615 | D:4      | Reached XP level 6. HP: 43/61 MP: 5/5
  2879 | D:4      | Found a sparkling altar of Nemelex Xobeh.
  3133 | D:4      | Found an iron altar of Okawaru.
  3330 | D:4      | Found a hazy altar of Hepliaklqana.
  3331 | D:4      | Found a shadowy altar of Dithmenos.
  3331 | D:4      | Noticed a shadow
  3355 | D:5      | Entered Level 5 of the Dungeon
  3541 | D:5      | Reached XP level 7. HP: 45/67 MP: 6/6
  3770 | D:5      | Found Zenamas's Magic Scroll Shop.
  3776 | D:5      | Bought a scroll of enchant weapon for 97 gold pieces
  3776 | D:5      | Bought a scroll of teleportation for 39 gold pieces
  3776 | D:5      | Bought a scroll of noise for 13 gold pieces
  4069 | D:6      | HP: 2/70 [something (5)]
  4070 | D:6      | Killed from afar by an orc wizard

Illustrated notes

Levels and vault maps discovered:
D:1:      giann_wishing_wells, layout_basic, patterned_corridor
D:2:      layout_loops_ring, nicolae_ecumenical_pavilion, minmay_lizard_pond
D:3:      layout_basic, portal_sewer_entry_d, minmay_misc_feat_tower,
          minmay_puff, uniq_robin
D:4:      layout_basic, nemelex_dance_club_becter,
          riverfiend_overflow_shadow_ancestor, okawaru_gym_becter,
          amcnicky_mini_corridor_feature, corexii_corridor_pit
D:5:      layout_loops_cross, serial_shops, shop
D:6:      layout_rooms, mainiacjoe_overflow_alcove_4, nzn_wu_jian_council_hall,
          minmay_temple_entry_enclosed_plants

Skill      XL: |  1  2  3  4  5  6  7 |
---------------+----------------------+-----
Maces & Flails | 3 4 |  4.5
Throwing       | 1 2 3 |  3.4
Evocations     | 1 2 |  2.8
Fighting       | 3 4 |  4.0
Dodging        | 3 4 |  4.1

Action                   |  1- 3 |  4- 6 |  7- 9 || total
-------------------------+-------+-------+-------++-------
Melee: Mace              |   114 |   148 |       ||   262
       Punch             |       |     2 |       ||     2
       Flail             |       |    84 |    65 ||   149
Invok: Berserk           |     3 |     6 |     2 ||    11
       Trog's Hand       |       |     2 |     1 ||     3
  Use: Scroll            |       |    10 |     3 ||    13
 Stab: Sleeping          |     1 |       |     1 ||     2
Armor: Animal skin       |    52 |    40 |       ||    92
       Robe              |       |    26 |    34 ||    60
Dodge: Dodged            |    66 |   111 |    34 ||   211
